 Dungeon Crawl Stone Soup version 0.23.0-3-gf3c87f2df8 (webtiles) character file.

Game seed: 10422467789210151975

254 Revguard the Slasher (level 5, -1/42 HPs)
             Began as a Demonspawn Monk on Feb 21, 2019.
             Slain by an orc
             ... wielding a +0 hand axe
              (3 damage)
             ... on level 3 of the Dungeon.
             The game lasted 00:06:37 (2010 turns).

Revguard the Slasher (Demonspawn Monk)              Turns: 2010, Time: 00:06:38

Health: -1/42      AC:  7    Str: 10 (12) XL:     5   Next: 90%
Magic:  5/5        EV: 13    Int: 10 (11) God:
Gold:   52         SH:  0    Dex: 16      Spells: 4/4 levels left

rFire    . . .     SeeInvis .   a - +0 falchion
rCold    . . .     Gourm    .   (no shield)
rNeg     . . .     Faith    .   d - +1 scale mail
rPois    .         Spirit   .   (no helmet)
rElec    .         Reflect  .   (no cloak)
rCorr    +         Harm     .   (no gloves)
MR       +....                  (no boots)
Stlth    +.........             (no amulet)
HPRegen  0.14/turn              f - ring of resist corrosion
MPRegen  0.09/turn              h - ring of protection from magic

@: no status effects
A: repulsion field 2, rot immunity
a: no special abilities


You were on level 3 of the Dungeon.
You were very hungry.

You visited 1 branch of the dungeon, and saw 3 of its levels.

You collected 52 gold pieces.

Inventory:

Hand Weapons
 a - a +0 falchion (weapon)
Armour
 b - a +0 robe
 d - a +1 scale mail (worn)
Jewellery
 f - a ring of resist corrosion (left hand)
 h - a ring of protection from magic (right hand)
Scrolls
 e - 2 scrolls of random uselessness
 i - 6 scrolls of remove curse
 k - a scroll of teleportation
Potions
 j - a potion of degeneration
Comestibles
 c - 3 rations


   Skills:
 + Level 3.8 Fighting
 + Level 4.6 Long Blades
 + Level 2.0 Armour
 + Level 3.4 Dodging
 + Level 2.0 Stealth


You had 4 spell levels left.
You didn't know any spells.
Your spell library was empty.

Dungeon Overview and Level Annotations

Branches:
Dungeon (3/15)

Altars:
Hepliaklqana


Innate Abilities, Weirdness & Mutations

You are surrounded by a moderate repulsion field. (EV +3)
You are immune to rotting.


Message History

You closely miss the adder.
You start to feel less resistant.
The adder barely misses you.
An orc opens the door.
The adder closely misses you.
You riposte.
You closely miss the adder. You hit the adder.
The adder is heavily wounded.
The adder bites you but does no damage.
You slash the adder!
You kill the adder!
Your Armour skill increases to level 2!
You hit the rat.
You kill the rat!
The orc throws a tomahawk.
The tomahawk closely misses you.
You hit the orc but do no damage. The orc hits you with a +0 hand axe.
* * * LOW HITPOINT WARNING * * *
You hit the orc.
The orc is lightly wounded.
Your resistance to elements expires.
The orc hits you with a +0 hand axe.
You die...

+ ##. ... # ..
#.###.##'##################
........oo@....(.........<#
##.##.##.##################
# #.# #.# #.# #.# #.# #.#


You could see 2 orcs.

Vanquished Creatures
  A bullfrog (D:2)
  An orc priest (D:3)
  A jelly (D:2)
  3 gnolls (D:2)
  4 adders
  An ooze (D:1)
  2 dart slugs (D:1)
  2 leopard geckos (D:2)
  2 orcs (D:3)
  A ball python (D:2)
  5 giant cockroaches
  A hobgoblin (D:1)
  6 jackals
  6 bats
  2 frilled lizards
  9 goblins
  3 kobolds
  5 rats
55 creatures vanquished.

Notes
Turn   | Place    | Note
-------+----------+-------------------------------------------
     0 | D:1      | Revguard the Demonspawn Monk began the quest for the Orb.
     0 | D:1      | Reached XP level 1. HP: 18/18 MP: 1/1
    80 | D:1      | Gained mutation: You are surrounded by a mild repulsion
                  | field. (EV +2) [demonic ancestry]
    80 | D:1      | Reached XP level 2. HP: 14/24 MP: 2/2
   229 | D:1      | Reached skill level 3 in Long Blades
   892 | D:1      | Gained mutation: You are immune to rotting. [demonic
                  | ancestry]
   892 | D:1      | Reached XP level 3. HP: 28/29 MP: 3/3
  1037 | D:2      | Noticed a bullfrog
  1049 | D:2      | Killed a bullfrog
  1049 | D:2      | Reached skill level 1 in Armour
  1049 | D:2      | Gained mutation: You are surrounded by a moderate repulsion
                  | field. (EV +3) [demonic ancestry]
  1049 | D:2      | Reached XP level 4. HP: 23/36 MP: 4/4
  1053 | D:2      | Reached skill level 4 in Long Blades
  1053 | D:2      | Reached XP level 5. HP: 14/41 MP: 5/5
  1625 | D:2      | Found a hazy altar of Hepliaklqana.
  2009 | D:3      | HP: 2/42 [orc/+0 hand axe (4)]
  2010 | D:3      | Slain by an orc

Skill      XL: |  1  2  3  4  5 |
---------------+----------------+-----
Long Blades    | 3 4 |  4.6
Dodging        | 3 |  3.4
Armour         | 1 2 |  2.0
Stealth        | 2 |  2.0
Fighting       | |  3.8

Action                   |  1- 3 |  4- 6 || total
-------------------------+-------+-------++-------
Melee: Falchion          |   100 |   154 ||   254
  Use: Potion            |     4 |     4 ||     8
       Scroll            |     3 |     4 ||     7
  Eat: Chunk             |       |     3 ||     3
Armor: Scale mail        |    45 |    45 ||    90
Dodge: Dodged            |    80 |    83 ||   163
       Rpst.: Falchion   |    18 |    25 ||    43
